 Dungeon Crawl Stone Soup version 0.31-a0-1074-g0b22e4e0f1 (webtiles) character file.

Game seed: 2190265518968241224

199976 freelancePsychic the Warrior (level 17, -6/142 HPs)
             Began as a Demonspawn Venom Mage on Nov 28, 2023.
             Was an Elder of Sif Muna.
             Mangled by a salamander
             ... wielding a +0 halberd
              (10 damage)
             ... on level 3 of the Snake Pit on Nov 30, 2023.
             The game lasted 01:50:31 (47678 turns).

freelancePsychic the Warrior (DsVM)                Turns: 47678, Time: 01:50:32

Health: -6/142     AC: 25    Str:  6    XL:     17   Next: 86%
Magic:  8/30       EV: 15    Int: 32    God:    Sif Muna [****..]
Gold:   1366       SH:  7    Dex: 13    Spells: 7/35 levels left

rFire   + . .        o - staff of poison
rCold   + . .        y - +2 buckler
rNeg    + . .        N - +2 troll leather armour
rPois   +            R - +2 helmet of Miracles {Regen+ rCorr Str-4 Int+3}
rElec   .            A - scarf {rC+ rF+}
rCorr   +            l - +2 pair of gloves
SInv    .            a - +0 pair of boots
Will    ++...        (no amulet)
Stlth   ++           s - ring "Lyikk" {rN+ Int+5}
HPRegen 2.03/turn    c - ring of Cheibriados, Nurturing {Will+ rCorr AC+4}
MPRegen 0.22/turn

%: no passive effects
@: lethally poisoned (-6 -> -6), about to teleport, weakened, sanguine armoured
A: hooves 2, spiny 2, sanguine armour 2, condensation shield
}: 1/15 runes: decaying
a: Renounce Religion, Channel Magic, Forget Spell, Divine Exegesis


You were on level 3 of the Snake Pit.
You worshipped Sif Muna.
Sif Muna was greatly pleased with you.
You visited 6 branches of the dungeon, and saw 30 of its levels.
You also visited: Ossuary, Gauntlet and Ice Cave.

You collected 4145 gold pieces.
You spent 2779 gold pieces at shops.

Inventory:

Hand Weapons
 k - the +7 great mace "Firestarter" {flame, immolate, rFlCloud rF++}
   (You took it off a minotaur in a Gauntlet)

   rFlCloud:  It grants immunity to clouds of flame.
   rF++:      It greatly protects you from fire.
Missiles
 B - 2 throwing nets
Armour
 a - a +0 pair of boots (worn)
 l - a +2 pair of gloves (worn)
 y - a +2 buckler (worn)
 A - a scarf of resistance (worn)
 N - a +2 troll leather armour (worn)
 R - the +2 helmet of Miracles (worn) {Regen+ rCorr Str-4 Int+3}
   (You bought it in a shop on level 2 of the Orcish Mines)

   Str-4:     It affects your strength (-4).
   Int+3:     It affects your intelligence (+3).
   Regen+:    It increases your rate of health regeneration.
   rCorr:     It protects you from acid and corrosion.
 X - a +1 tower shield of protection
Magical Staves
 b - a staff of cold
 o - a staff of poison (weapon)
Jewellery
 c - the ring of Cheibriados, Nurturing (right hand) {Will+ rCorr AC+4}
   (You acquired it on level 10 of the Dungeon)

   [ring of protection]

   AC+4:      It affects your AC (+4).
   Will+:     It increases your willpower.
   rCorr:     It protects you from acid and corrosion.
 h - a ring of see invisible
 s - the ring "Lyikk" (left hand) {rN+ Int+5}
   (You found it on level 13 of the Dungeon)

   [ring of positive energy]

   Int+5:     It affects your intelligence (+5).
   rN+:       It protects you from negative energy.
 t - a ring of magical power
 O - the ring of Eternity {*Corrode rF+ Slay+6}
   (You found it in a Gauntlet)

   [ring of protection from fire]

   Slay+6:    It affects your accuracy & damage with ranged weapons and melee
   (+6).
   rF+:       It protects you from fire.
   *Corrode:  It may corrode you when you take damage.
 V - a ring of protection from fire
Wands
 v - a wand of flame (35)
 w - a wand of roots (6)
 H - a wand of charming (6)
 J - a wand of digging (5)
 K - a wand of quicksilver (5)
Scrolls
 e - 9 scrolls of teleportation {@r4}
 f - 6 scrolls of noise
 g - 4 scrolls of poison
 i - 3 scrolls of immolation
 m - 6 scrolls of vulnerability
 n - 9 scrolls of identify {@r1}
 p - 2 scrolls of fog
 r - 3 scrolls of revelation
 C - 4 scrolls of amnesia
 D - 3 scrolls of brand weapon
 E - a scroll of fear
 L - 4 scrolls of enchant weapon
 S - a scroll of torment
 W - a scroll of enchant armour
 Y - a scroll of blinking
Potions
 d - 3 potions of attraction
 j - 2 potions of cancellation
 q - 3 potions of resistance
 u - 2 potions of magic
 x - 3 potions of lignification
 z - 4 potions of ambrosia
 F - 3 potions of brilliance
 G - a potion of haste {@q3}
 I - 2 potions of might
 M - 2 potions of enlightenment
 T - 2 potions of curing {@q1}
 U - 2 potions of mutation
Miscellaneous
 P - a box of beasts
 Q - a lightning rod (4/4)


   Skills:
 + Level 15.4 Fighting
 - Level 12.1 Dodging
 - Level 1.7 Stealth
 * Level 5.1 Shields
 - Level 9.5 Spellcasting
 - Level 12.3 Conjurations
 - Level 0.8 Transmutations
 - Level 8.2 Ice Magic
 - Level 7.1 Air Magic
 + Level 12.8 Earth Magic
 - Level 8.1 Poison Magic
 * Level 10.9 Invocations


You had 7 spell levels left.
You knew the following spells:

 Your Spells              Type           Power      Damage    Failure   Level
a - Freezing Cloud        Conj/Ice/Air   32%        6-21      4%          5
b - Bombard               Conj/Erth      38%        9d7       7%          6
c - Ignite Poison         Fire/Tmut/Pois 51%        N/A       7%          3
d - Olgreb's Toxic Radia  Pois           79%        N/A       2%          4
e - Lee's Rapid Deconstr  Erth           39%        3d19*     1%          5
f - Poisonous Vapours     Pois/Air       100%       N/A       1%          2
g - Mephitic Cloud        Conj/Pois/Air  84%        N/A       1%          3

Your spell library contained the following spells:

 Spells                   Type           Power      Damage    Failure   Level
 Foxfire                  Conj/Fire      100%       2x1d9     1%          1
 Magic Dart               Conj           100%       1d8       1%          1
 Sandblast                Erth           100%       2d20      1%          1
 Shock                    Conj/Air       100%       1d9       1%          1
 Sting                    Tmut/Pois      100%       1d8       1%          1
 Cigotuvi's Dreadful Rot  Necr/Pois/Air  100%       N/A       1%          2
 Momentum Strike          Conj/Tloc      100%       3d10      1%          2
 Passwall                 Tmut/Erth      46%        N/A       1%          2
 Searing Ray              Conj           100%       2d8       1%          2
 Static Discharge         Conj/Air       100%       3-8/arc   1%          2
 Dazzling Flash           Conj/Hex       100%       N/A       1%          3
 Hailstorm                Conj/Ice       69%        3d14      1%          3
 Stone Arrow              Conj/Erth      100%       3d13      1%          3
 Swiftness                Air            57%        N/A       1%          3
 Brom's Barrelling Bould  Conj/Erth      77%        2d9       1%          4
 Iskenderun's Battlesphe  Conj           76%        2d12      1%          5
 Ensorcelled Hibernation  Hex/Ice        82%        N/A       2%          2
 Airstrike                Air            28%        2d(5-21)  4%          4
 Leda's Liquefaction      Hex/Erth       27%        N/A       5%          4
 Flame Wave               Conj/Fire      53%        2d13      6%          4
 Iskenderun's Mystic Bla  Conj/Tloc      53%        2d11      6%          4
 Sticky Flame             Conj/Fire      53%        2d7       6%          4
 Apportation              Tloc           30%        N/A       9%          1
 Necrotise                Necr           60%        1d7       9%          1
 Summon Small Mammal      Summ           60%        N/A       9%          1
 Wereblood                Tmut           20%        N/A       9%          2
 Blink                    Tloc           30%        N/A       12%         2
 Jinxbite                 Hex            30%        N/A       12%         2
 Lesser Beckoning         Tloc           30%        N/A       12%         2
 Sublimation of Blood     Necr           15%        N/A       12%         2
 Summon Ice Beast         Ice/Summ       41%        N/A       14%         4
 Fireball                 Conj/Fire      26%        3d12      19%         5
 Conjure Ball Lightning   Conj/Air       33%        3x3d11    22%         6
 Gell's Gravitas          Tloc           15%        N/A       24%         3
 Inner Flame              Hex/Fire       15%        N/A       24%         3
 Teleport Other           Tloc           15%        N/A       24%         3
 Volatile Blastmotes      Fire/Tloc      30%        2d12      24%         3
 Alistair's Intoxication  Tmut/Pois      40%        N/A       34%         5
 Cause Fear               Hex            7%         N/A       63%         4
 Dispel Undead            Necr           15%        3d10      63%         4
 Starburst                Conj/Fire      26%        6d8       69%         6
 Summon Forest            Summ/Tloc      7%         N/A       92%         5
 Death Channel            Necr           7%         N/A       100%        6
 Dispersal                Tloc           7%         N/A       100%        6
 Summon Hydra             Summ           7%         N/A       100%        7
 Lehudib's Crystal Spear  Conj/Erth      38%        10d10     96%         8
 Ignition                 Fire           7%         3d5       100%        8
 Summon Horrible Things   Summ           7%         N/A       100%        8
 Dragon's Call            Summ           7%         N/A       100%        9
 Fire Storm               Conj/Fire      26%        8d7       100%        9


Dungeon Overview and Level Annotations

Branches:
Dungeon (15/15)            Temple (1/1) D:4            Lair (5/5) D:10
  Swamp (4/4) Lair:3        Snake (3/4) Lair:3        Slime (0/5) Lair:5
    Orc (2/2) D:12            Elf (0/3) Orc:2        Vaults (0/5) D:13
 Depths (0/4) D:15        Ossuary (visited)           IceCv (visited)
Gauntlet (visited)

Altars:
Ashenzari
Cheibriados
Dithmenos
Fedhas
Gozag
Hepliaklqana
Kikubaaqudgha
Makhleb
Nemelex Xobeh
Okawaru
Qazlal
Ru
Sif Muna
Trog
Uskayaw
Vehumet
Wu Jian
Xom
Yredelemnul
Jiyva

Shops:
D:1 ?   D:4 *   Orc:2 :[[:

Annotations:
D:10 exclusion: vampire
D:11 exclusion: shadow
D:14 3 runed translucent doors, Kibis's ghost, journeyman DsGl
Lair:2 2 transporters, Deiv's ghost, journeyman MiHu
Snake:2 1 runed translucent door, jejorda2's ghost, adept GnBe
Orc:2 3 runed translucent doors, GreenGuy14's ghost, journeyman HOFi


Innate Abilities, Weirdness & Mutations

You have hoof-like feet.
You are mostly covered in sharp spines.
When seriously injured, your blood forms thick armour. (AC +9)
A meltable shield of frost defends you. (SH +0)


Message History

You block the salamander's attack.
The naga warrior hits you with a +3 vampiric war axe.
The salamander mystic is struck by your spines.
The salamander mystic hits you with a +0 dagger.
You are engulfed in flames.
You resist.
The naga mage hits you but does no damage.
You hit the naga mage but do no damage.
The naga mage is almost dead.
The salamander hits you from afar with a +0 halberd!
You are engulfed in flames.
You resist.
The naga mage points at you and mumbles some strange words.
The bolt of poison hits you.
You are poisoned.
You resist.
The salamander tyrant is struck by your spines.
The salamander tyrant hits you but does no damage.
The salamander barely misses you.
The salamander mystic gestures at you while chanting.
The lance of force misses you. You block the naga warrior's attack.
The naga mage hits you but does no damage.
You block the salamander tyrant's attack.
You hear a shout!
You closely miss the naga mage.
The naga mage is almost dead.
You feel very sick.
You hear a shout! x2
The salamander hits you from afar with a +0 halberd!!
* * * LOW HITPOINT WARNING * * *
You are engulfed in flames.
You resist.
* * * LOW HITPOINT WARNING * * *
The naga mage casts a spell at the naga warrior.
The naga warrior seems to grow toxic.
The salamander mystic hits you with a +0 dagger!
* * * LOW HITPOINT WARNING * * *
You are engulfed in flames!
You resist.
* * * LOW HITPOINT WARNING * * *
The naga warrior spits poison at you. The splash of poison misses you.
The salamander hits you from afar with a +0 halberd!
You die...

#..........####..#.##...
#............#..##...... ..
#...........##..#...♣...
...###.............#)....<.
.....##.###.....#..#.).♣...
........).#######..##......
..>..#.).....# ##..#.##...
##.. #.###NN.######....####
## ## #@N......###......
##N..#.....###..). ##N##
.... ###)# .$# .## #.. ...#
##. ..... #. #....# #.
#...). #. #..... ##.


You could see a naga warrior (curare), a salamander tyrant (strong), a
salamander mystic (strong), a salamander (fast, strong) and a naga mage (fast,
strong).

Vanquished Creatures
  the Lernaean hydra (Swamp:4)
  Jorgrun (Snake:2)
  3 fenstrider witches
  A nagaraja (Snake:3)
  Louise (Swamp:2)
  An eleionoma (Swamp:3)
  A minotaur (Gauntlet)
  4 bunyips
  A shambling mangrove (Swamp:3)
  3 fire dragons
  25 hydras
  9 anacondas
  A salamander tyrant (Snake:3)
  A ghost crab (Swamp:1)
  A catoblepas (Lair:4)
  17 alligators
  2 ogre magi (D:15)
  3 naga warriors
  6 boulder beetles
  4 centaur warriors
  6 two-headed ogres
  A deep troll earth mage (D:15)
  5 shock serpents
  An occultist (D:15)
  3 naga sharpshooters (Snake:2)
  2 skysharks
  A salamander mystic (Snake:2)
  2 goliath frogs
  7 spriggan druids
  4 naga ritualists
  2 glowing orange brains (Gauntlet)
  13 swamp dragons
  Lodul (D:10)
  3 orc knights
  Pikel (D:5)
  9 mana vipers
  A phantasmal warrior (D:13)
  7 bog bodies
  8 deep elf pyromancers
  3 deep elf zephyrmancers (Orc:1)
  An oklob plant (Lair:5)
  2 wolf spiders (Lair:5)
  12 salamanders
  Maurice (D:8)
  2 cyclopes
  8 ugly things
  10 will-o-the-wisps
  A manticore (D:15)
  16 elephants
  35 black mambas
  2 guardian serpents
  4 torpor snails
  8 naga magi
  26 cane toads
  4 rime drakes
  An unseen horror (D:13)
  An efreet (D:13)
  12 komodo dragons
  A tengu conjurer (D:13)
  5 trolls
  A polar bear (Lair:5)
  10 tyrant leeches
  17 hornets
  28 blink frogs
  4 dream sheep (Lair:1)
  5 slime creatures (D:12)
  2 vampires
  2 water elementals (D:14)
  2 shadows
  7 wraiths
  12 wyverns
  15 spriggans
  43 yaks
  5 basilisks
  Eustachio (D:4)
  3 redbacks (Lair:5)
  12 vampire mosquitoes
  4 steam dragons
  4 wargs
  Edmund (D:6)
  12 swamp worms
  7 acid dragons
  21 nagas
  21 water moccasins
  12 swamp drakes
  29 orc warriors
  4 black bears
  Pargi (D:4)
  23 wolves
  12 centaurs
  17 ogres
  3 kobold brigands
  A lemure (D:5)
  2 scorpions
  8 bullfrogs
  2 cane toad simulacra (IceCv)
  3 gnoll sergeants (D:12)
  3 elephant simulacra (IceCv)
  8 killer bees
  A howler monkey (D:4)
  9 electric eels
  2 centaur zombies (Ossuary)
  4 lava snakes (Lair:3)
  Crazy Yiuf (D:3)
  2 jellies
  2 hounds (D:5)
  6 orc priests
  8 iguanas
  A sleepcap (D:5)
  18 orc wizards
  2 troll simulacra (IceCv)
  10 hell rats
  Terence (D:3)
  A wolf simulacrum (IceCv)
  A spriggan simulacrum (IceCv)
  2 polar bear simulacra (IceCv)
  2 mummies (Ossuary)
  Robin (D:3)
  12 gnolls
  11 adders
  A shadow imp (D:6)
  3 white imps
  2 worms (D:2)
  A dart slug (D:3)
  83 orcs
  9 ball pythons
  11 endoplasms
  14 goblins
  7 hobgoblins
  14 jackals
  14 kobolds
  8 quokkas
  3 bats
  7 frilled lizards
  4 gnoll zombies (Ossuary)
  4 goblin zombies (Ossuary)
  A hobgoblin zombie (Ossuary)
  3 orc zombies (Ossuary)
  A quokka zombie (D:6)
  7 rats
  A spectral hobgoblin (D:14)
980 creatures vanquished.

Vanquished Creatures (collateral kills)
  Mara (Snake:3)
  Josephine (D:10)
  A wraith (D:10)
3 creatures vanquished.

Vanquished Creatures (others)
  A hydra (Swamp:3)
  A deep elf pyromancer (D:14)
  3 bloated husks
  2 orcs (D:13)
  45 foxfires
52 creatures vanquished.

Grand Total: 1035 creatures vanquished

Notes
Turn   | Place    | Note
-------+----------+-------------------------------------------
     0 | D:1      | freelancePsychic the Demonspawn Venom Mage began the quest
                  | for the Orb.
     0 | D:1      | Reached XP level 1. HP: 13/13 MP: 3/3
   160 | D:1      | Gained mutation: You have large cloven feet. [demonic
                  | ancestry]
   160 | D:1      | Reached XP level 2. HP: 11/20 MP: 0/5
   273 | D:1      | Reached skill level 1 in Air Magic
   641 | D:1      | Found Fips's Magic Scroll Shoppe.
   651 | D:1      | Reached XP level 3. HP: 25/25 MP: 3/6
   883 | D:1      | Learned a level 2 spell: Poisonous Vapours
  1113 | D:2      | Reached skill level 1 in Fighting
  1509 | D:2      | Reached XP level 4. HP: 14/32 MP: 0/7
  2761 | D:3      | Learned a level 3 spell: Mephitic Cloud
  2782 | D:3      | Found a shimmering altar of Xom.
  2783 | D:3      | Found a shimmering altar of Xom.
  2783 | D:3      | Found a shimmering altar of Xom.
  2783 | D:3      | Found a shimmering altar of Xom.
  2783 | D:3      | Found a shimmering altar of Xom.
  2784 | D:3      | Found a shimmering altar of Xom.
  2969 | D:3      | Reached XP level 5. HP: 37/37 MP: 2/9
  3267 | D:3      | Noticed Terence
  3277 | D:3      | Killed Terence
  3278 | D:3      | Reached skill level 2 in Fighting
  3663 | D:3      | Noticed Robin
  3691 | D:3      | Killed Robin
  3896 | D:3      | Found a runed translucent door.
  3897 | D:3      | Noticed Crazy Yiuf
  4531 | D:3      | Killed Crazy Yiuf
  4532 | D:3      | Reached skill level 5 in Poison Magic
  4532 | D:3      | Gained mutation: A meltable shield of frost defends you.
                  | (SH +0) [demonic ancestry]
  4532 | D:3      | Reached XP level 6. HP: 23/45 MP: 2/10
  4760 | D:4      | Found a staircase to the Ecumenical Temple.
  4769 | Temple   | Entered the Ecumenical Temple
  4775 | Temple   | Learned a level 4 spell: Olgreb's Toxic Radiance
  4781 | Temple   | Became a worshipper of Sif Muna the Loreminder
  4861 | D:4      | Noticed Pargi
  4930 | D:4      | Noticed Eustachio
  5099 | D:4      | Found Puelycep's Mayhem Merchandise.
  5162 | D:4      | Killed Eustachio
  5163 | D:4      | Reached skill level 3 in Fighting
  5163 | D:4      | Reached skill level 1 in Invocations
  5163 | D:4      | Reached XP level 7. HP: 47/52 MP: 2/12
  5342 | D:4      | Killed Pargi
  5598 | D:4      | Found a shadowy altar of Dithmenos.
  5687 | D:5      | Entered Level 5 of the Dungeon
  5969 | D:5      | Reached * piety under Sif Muna
  6053 | D:5      | Reached skill level 4 in Fighting
  6261 | D:5      | Noticed Pikel
  6287 | D:5      | Killed Pikel
  6288 | D:5      | Reached skill level 5 in Invocations
  6288 | D:5      | Gained mutation: You have hoof-like feet. [demonic
                  | ancestry]
  6288 | D:5      | Reached XP level 8. HP: 51/61 MP: 6/13
  6612 | D:5      | Reached skill level 5 in Fighting
  6917 | D:5      | Found the amulet of Elemental Vulnerability {rPois rF--
                  | rC-- AC+8}
  6983 | D:5      | Found an iron altar of Okawaru.
  7148 | D:6      | Noticed Edmund
  7157 | D:6      | Killed Edmund
  7158 | D:6      | Reached skill level 1 in Conjurations
  7335 | D:6      | Found a sand-covered staircase.
  7344 | Ossuary  | Entered an ossuary
  7623 | Ossuary  | Reached XP level 9. HP: 51/68 MP: 14/14
  9050 | D:7      | Reached ** piety under Sif Muna
  9915 | D:8      | Reached skill level 6 in Fighting
 10043 | D:8      | Noticed Maurice
 10045 | D:8      | Maurice stole a ring of positive energy
 10064 | D:8      | Killed Maurice
 10065 | D:8      | Reached skill level 1 in Ice Magic
 10474 | D:8      | Identified the +4 plate armour of Parts Unknown {rPois rF-
                  | rN+}
 11387 | D:9      | Reached XP level 10. HP: 40/77 MP: 6/15
 11807 | D:10     | Entered Level 10 of the Dungeon
 12074 | D:10     | Reached skill level 7 in Fighting
 12287 | D:10     | Reached skill level 5 in Air Magic
 12335 | D:10     | Noticed Lodul
 12505 | D:10     | Reached skill level 5 in Conjurations
 12741 | D:10     | Noticed Josephine
 12755 | D:10     | Killed Josephine
 12794 | D:10     | HP: 1/80 [wraith[Josephine] (6)]
 13030 | D:9      | Learned a level 5 spell: Freezing Cloud
 13677 | D:10     | Identified a scroll of acquirement
 13677 | D:10     | Acquired the ring of Cheibriados, Nurturing {Will+ rCorr
                  | AC+4}
 14061 | D:10     | Reached skill level 8 in Fighting
 14301 | D:1      | Bought a scroll of acquirement for 676 gold pieces
 14301 | D:1      | Acquired 550 gold pieces
 14303 | D:1      | Bought a scroll of teleportation for 39 gold pieces
 14303 | D:1      | Bought a scroll of poison for 52 gold pieces
 14303 | D:1      | Bought a scroll of enchant armour for 97 gold pieces
 14303 | D:1      | Bought a scroll of immolation for 52 gold pieces
 14647 | D:11     | Noticed a cyclops
 14655 | D:11     | Killed a cyclops
 14656 | D:11     | Reached XP level 11. HP: 86/86 MP: 3/17
 15103 | D:11     | Noticed a boulder beetle
 15117 | D:11     | Killed a boulder beetle
 15291 | D:11     | Reached skill level 5 in Ice Magic
 15740 | D:11     | Noticed a boulder beetle
 15748 | D:11     | Killed a boulder beetle
 15894 | D:10     | Killed Lodul
 16175 | D:10     | Reached *** piety under Sif Muna
 16371 | D:10     | Found a staircase to the Lair.
 16403 | Lair:1   | Entered Level 1 of the Lair of Beasts
 16498 | Lair:1   | Reached skill level 9 in Fighting
 16657 | Lair:1   | Identified the +1 spear "Votasel" {chaos, rF+}
 16853 | Lair:1   | Found a frozen archway.
 16910 | IceCv    | Entered an ice cave
 17360 | Lair:1   | Gained mutation: You are partially covered in sharp spines.
                  | [demonic ancestry]
 17360 | Lair:1   | Reached XP level 12. HP: 91/96 MP: 2/18
 17521 | Lair:1   | Noticed a boulder beetle
 17528 | Lair:1   | Killed a boulder beetle
 18558 | Lair:2   | Reached skill level 10 in Fighting
 18596 | Lair:2   | Reached skill level 5 in Spellcasting
 18894 | Lair:2   | Reached **** piety under Sif Muna
 19540 | Lair:2   | Noticed a six-headed hydra
 19566 | Lair:2   | Found a transporter.
 19572 | Lair:2   | Noticed Deiv's ghost (journeyman MiHu)
 19751 | Lair:2   | Noticed a boulder beetle
 19754 | Lair:2   | Found a transporter.
 20221 | Lair:3   | Reached XP level 13. HP: 93/105 MP: 2/22
 20499 | Lair:3   | You fall into a shaft and drop 1 floor!
 20503 | Lair:4   | Reached skill level 11 in Fighting
 21769 | Lair:4   | Reached ***** piety under Sif Muna
 22491 | Lair:3   | Found a staircase to the Snake Pit.
 23190 | Lair:3   | Reached skill level 12 in Fighting
 23190 | Lair:3   | Reached skill level 5 in Dodging
 23386 | Lair:3   | Found a staircase to the Swamp.
 23726 | Lair:5   | Entered Level 5 of the Lair of Beasts
 24644 | Lair:5   | Received a gift from Sif Muna
 24792 | Lair:5   | Got Peutijem's Compilation of Bombardment and Attendants
                  | {god gift}
 24818 | Lair:5   | Noticed a fire dragon
 24825 | Lair:5   | Killed a fire dragon
 24939 | Lair:5   | Gained mutation: When seriously injured, your blood forms
                  | armour. (AC +9) [demonic ancestry]
 24939 | Lair:5   | Reached XP level 14. HP: 93/116 MP: 16/26
 26453 | Lair:5   | Reached skill level 13 in Fighting
 27151 | Lair:5   | Found a viscous altar of Jiyva.
 27228 | Lair:5   | Found a staircase to the Slime Pits.
 28148 | D:12     | Found a staircase to the Orcish Mines.
 29008 | D:12     | Identified the +0 pair of gloves of Tishroy {rCorr}
 29161 | Orc:1    | Entered Level 1 of the Orcish Mines
 29206 | Orc:1    | Reached skill level 10 in Invocations
 29792 | Orc:2    | Entered Level 2 of the Orcish Mines
 29811 | Orc:2    | Found a gate leading to a gauntlet.
 29818 | Gauntlet | Entered a Gauntlet
 29818 | Gauntlet | Found a transporter.
 29818 | Gauntlet | Found a transporter.
 29837 | Gauntlet | Found a runed translucent door.
 29838 | Gauntlet | Found a transporter.
 29839 | Gauntlet | Found a runed translucent door.
 29850 | Gauntlet | Found a transporter.
 29868 | Gauntlet | Found a transporter.
 29868 | Gauntlet | Found a transporter.
 29868 | Gauntlet | Found a transporter.
 29870 | Gauntlet | Found a transporter.
 29870 | Gauntlet | Found a transporter.
 29887 | Gauntlet | Found a transporter.
 29898 | Gauntlet | Found a transporter.
 29908 | Gauntlet | Found a transporter.
 29923 | Gauntlet | Found a transporter.
 29943 | Gauntlet | Found a transporter.
 29991 | Gauntlet | Identified the +3 falchion "Rumeka" {flame, rF- rCorr Str+7
                  | Int-2}
 30054 | Gauntlet | Identified the ring of Eternity {*Corrode rF+ Slay+6}
 30060 | Gauntlet | Received a gift from Sif Muna
 30061 | Gauntlet | Got Sif Muna's Guidebook on Destruction {god gift}
 30374 | Orc:2    | Found a runed translucent gate.
 30374 | Orc:2    | Found a runed translucent gate.
 30374 | Orc:2    | Found a runed translucent gate.
 30392 | Orc:2    | Noticed GreenGuy14's ghost (journeyman HOFi)
 30446 | Orc:2    | Reached skill level 14 in Fighting
 30715 | Orc:2    | Found a staircase to the Elven Halls.
 30916 | Orc:2    | Found Rumof's Armour Boutique.
 30916 | Orc:2    | Found Ykkem's Antique Armour Shoppe.
 30918 | Orc:2    | Found Hiluag's Book Emporium.
 30920 | Orc:2    | Found Ceeseapu's Book Shop.
 30925 | Orc:2    | Bought a fine helmet for 323 gold pieces
 30925 | Orc:2    | Identified the +2 helmet of Miracles {Regen+ rCorr Str-4
                  | Int+3} (You bought it in a shop on level 2 of the Orcish
                  | Mines)
 31100 | Orc:2    | Bought a steaming hat for 306 gold pieces
 31100 | Orc:2    | Identified the +1 hat of a volcano {Stlth+} (You bought it
                  | in a shop on level 2 of the Orcish Mines)
 31100 | Orc:2    | Bought a distressingly furry hat for 306 gold pieces
 31100 | Orc:2    | Identified the +2 hat of the Orcish Mines {Drain Str+5}
                  | (You bought it in a shop on level 2 of the Orcish Mines)
 31111 | Orc:2    | Bought a book of the Earth for 576 gold pieces
 31118 | Orc:2    | Learned a level 6 spell: Bombard
 31124 | Orc:2    | Learned a level 5 spell: Lee's Rapid Deconstruction
 31388 | D:13     | Identified the ring "Lyikk" {rN+ Int+5}
 31485 | D:13     | Reached skill level 10 in Conjurations
 31490 | D:13     | Reached skill level 1 in Earth Magic
 31490 | D:13     | Reached XP level 15. HP: 114/126 MP: 24/28
 31550 | D:13     | Found a gate to the Vaults.
 32661 | D:14     | Found a hazy altar of Hepliaklqana.
 32747 | D:14     | Found a runed translucent gate.
 32748 | D:14     | Found a runed translucent gate.
 32749 | D:14     | Found a runed translucent gate.
 32751 | D:14     | Noticed Kibis's ghost (journeyman DsGl)
 33535 | D:15     | Entered Level 15 of the Dungeon
 34525 | D:15     | Reached skill level 5 in Earth Magic
 34714 | D:15     | Found a radiant altar of Vehumet.
 34807 | D:15     | Found a staircase to the Depths.
 35283 | Swamp:1  | Entered Level 1 of the Swamp
 35283 | Swamp:1  | Noticed a fenstrider witch
 35291 | Swamp:1  | Received a gift from Sif Muna
 35293 | Swamp:1  | Killed a fenstrider witch
 35728 | Orc:2    | Bought a scarf of resistance for 352 gold pieces
 36018 | Swamp:1  | Learned a level 3 spell: Ignite Poison
 36367 | Swamp:1  | Got Sif Muna's Tractate on Felsic Pyromania {god gift}
 36730 | Swamp:1  | Identified the +1 leather armour "Biof" {+Blink rF- Will+
                  | rCorr}
 36807 | Swamp:1  | Reached skill level 15 in Fighting
 36807 | Swamp:1  | Reached skill level 10 in Dodging
 36941 | Swamp:1  | You fall into a shaft and drop 1 floor!
 36957 | Swamp:2  | Noticed Louise
 36974 | Swamp:2  | Gained mutation: You are mostly covered in sharp spines.
                  | [demonic ancestry]
 36974 | Swamp:2  | Reached XP level 16. HP: 45/136 MP: 3/29
 37217 | Swamp:2  | Killed Louise
 39534 | Swamp:3  | Received a gift from Sif Muna
 39535 | Swamp:3  | Got Sif Muna's Handbook of the Missiles and the Wayfarer
                  | {god gift}
 39688 | Swamp:3  | Reached skill level 10 in Earth Magic
 40144 | Swamp:4  | Entered Level 4 of the Swamp
 40680 | Swamp:4  | Noticed the 27-headed Lernaean hydra
 41182 | Swamp:4  | Paralysed by a hornet for 2 turns
 41323 | Swamp:4  | Killed the 27-headed Lernaean hydra
 42480 | Swamp:4  | Gained mutation: When seriously injured, your blood forms
                  | thick armour. (AC +9) [demonic ancestry]
 42480 | Swamp:4  | Reached XP level 17. HP: 142/142 MP: 18/30
 42812 | Swamp:4  | Got a decaying rune of Zot
 42988 | Snake:1  | Entered Level 1 of the Snake Pit
 44471 | Snake:2  | Reached skill level 1 in Shields
 44712 | Snake:2  | Received a gift from Sif Muna
 44713 | Snake:2  | Got Qyfoisol's Directory of Violence {god gift}
 45825 | Snake:2  | Noticed jejorda2's ghost (adept GnBe)
 45826 | Snake:2  | Found a runed translucent door.
 45986 | Snake:2  | Noticed Jorgrun
 45991 | Snake:2  | Killed Jorgrun
 46757 | Snake:3  | Noticed Mara
 47267 | Snake:3  | Noticed freelancePsychic's illusion
 47430 | Snake:3  | Killed Mara
 47480 | Snake:3  | Reached skill level 5 in Shields
 47678 | Snake:3  | HP: 4/142 [salamander mystic/+0 dagger (9)]
 47678 | Snake:3  | Mangled by a salamander

Illustrated notes

Levels and vault maps discovered:
D:1:      denvon_arrival_waterhouse, layout_rooms, serial_glass,
          glass_columns_a, glass_columns_b, serial_shops,
          nicolae_shop_behind_doors
D:2:      layout_loops_corners, basic_altar
D:3:      minmay_recursive_quarters, layout_basic, xom_redecorated,
          serial_glass, glass_columns_c, glass_columns_a, minivault_23,
          uniq_crazy_yiuf_cottage, uniq_robin, uniq_terence
D:4:      layout_cave_pools, nicolae_dithmenos_the_darkroom,
          minmay_temple_entry_antechambers, minmay_shop_mayhem, uniq_eustachio,
          uniq_pargi
D:5:      layout_loops_ring, hellmonk_okawaru_the_only_friend_you_need,
          minmay_crossroads, uniq_pikel
D:6:      layout_rooms, enter_ossuary_4, uniq_edmund
D:7:      layout_basic, minivault_19
D:8:      layout_basic, uniq_maurice
D:9:      layout_stronghold
D:10:     layout_roguey, lemuel_doored_altar, erik_lair_dragon,
          kennysheep_generic_room_12, uniq_josephine, uniq_lodul
D:11:     layout_basic, lemuel_flamethrower_hall
D:12:     layout_roguey, kennysheep_orc_monster_closet_entryway
D:13:     layout_long_grid, david_vaults_4, nicolae_twisty_statue_hallways
D:14:     layout_basic, chequers_big_river, gammafunk_ghost_spectres,
          nicolae_hepliaklqana_monster_ancestors
D:15:     hellmonk_depths_entry_around_the_bend, layout_basic,
          nicolae_vehumet_altar_sigil
Temple:   nicolae_temple_no_exploring_needed
Lair:1:   layout_regular_city, portal_ice_cave_entry_pillars_2,
          serial_bayou_shore_a, grunt_megastairs_5
Lair:2:   layout_regular_city, nzn_ghost_randoct, beast_lair_carwin_5,
          lemuel_fruit_tree
Lair:3:   layout_chaotic_city, nicolae_swamp_entry_splash_gauntlet,
          nicolae_snake_entry_warm_welcome
Lair:4:   layout_hall_layers, grunt_megastairs_4
Lair:5:   hangedman_lair_tendril_chambers, layout_hall_layers,
          guppyfry_lair_end_dragon, minmay_slime_entry_oklob_open,
          serial_rivers, chequers_serial_rivers_room_a,
          chequers_serial_rivers_micro_b, chequers_serial_rivers_micro_d,
          chequers_serial_rivers_room_a, infiniplex_staircase_pool
Swamp:1:  layout_falls_marsh, evilmike_swamp_ruin_rubble_2, swamp_pool_1_2,
          nicolae_swamp_alligator_family
Swamp:2:  layout_falls_marsh, evilmike_swamp_ruin_wall, swamp_pool_5,
          uniq_louise
Swamp:3:  nzn_winding_woodlands_cross
          [nzn_winding_woodlands_5x15_river_crossing,
          nzn_winding_woodlands_5x15_crooked, nzn_winding_woodlands_5x15_eye,
          nzn_winding_woodlands_5x15_twine,
          nzn_winding_woodlands_15x15_witchcraft], layout_falls_marsh,
          evilmike_swamp_ruin_house_5, swamp_pool_3
Swamp:4:  swamp_old_school, layout_basic_swamp
Snake:1:  layout_misc_corridors
Snake:2:  layout_onion_interference, hellmonk_ghost_happy_afterlife,
          grunt_megastairs_3, uniq_jorgrun
Snake:3:  layout_honeycomb, serial_shops, nicolae_shop_back_alley_shop,
          grunt_megastairs_2, minmay_shop_grove, uniq_mara, uniq_agnes
Orc:1:    layout_caves, elves_outpost_lemuel
Orc:2:    st_orc_rangers, layout_caves, gammafunk_ghost_necromancy,
          gauntlet_entry_generic

Skill      XL: |  1  2  3  4  5  6  7  8  9 10 11 12 13 14 15 16 17 |
---------------+----------------------------------------------------+-----
Air Magic      | 1 2 4 5 7 |  7.1
Fighting       | 1 2 3 4 5 6 8 9 10 12 14 15 | 15.4
Poison Magic   | 4 5 7 8 |  8.1
Spellcasting   | 3 4 6 8 9 |  9.5
Invocations    | 1 5 6 7 9 10 | 10.9
Conjurations   | 1 4 6 7 9 10 11 12 | 12.3
Ice Magic      | 2 4 6 8 |  8.2
Dodging        | 2 6 8 10 11 12 | 12.1
Earth Magic    | 1 7 11 12 | 12.8
Shields        | 5 |  5.1
Stealth        | |  1.7
Transmutations | |  0.8

Action                     |  1- 3 |  4- 6 |  7- 9 | 10-12 | 13-15 | 16-18 || total
---------------------------+-------+-------+-------+-------+-------+-------++-------
  Melee: Unarmed           |    40 |    23 |       |       |       |       ||    63
         Kick              |    12 |    33 |    72 |    72 |    77 |    11 ||   277
         Dagger            |       |    20 |       |       |       |       ||    20
         Staff             |       |    94 |   182 |   171 |   181 |   179 ||   807
         Punch             |       |       |     4 |     4 |     5 |     4 ||    17
   Cast: Sting             |    52 |    17 |    37 |       |       |       ||   106
         Poisonous Vapours |    19 |    82 |    21 |     5 |       |       ||   127
         Mephitic Cloud    |       |     3 |     9 |    14 |    19 |       ||    45
         Olgreb's Toxic Ra |       |       |    51 |    73 |   135 |    27 ||   286
         Freezing Cloud    |       |       |       |    54 |   242 |   125 ||   421
         Ignite Poison     |       |       |       |       |    14 |    12 ||    26
         Bombard           |       |       |       |       |     1 |   154 ||   155
         Lee's Rapid Decon |       |       |       |       |       |     7 ||     7
         Dragon's Call     |       |       |       |       |       |     1 ||     1
 Invoke: Channel Magic     |       |       |     2 |     5 |     8 |    10 ||    25
         Divine Exegesis   |       |       |       |       |       |     1 ||     1
  Evoke: Wand              |       |       |     3 |    42 |     6 |       ||    51
    Use: Potion            |     1 |     1 |     4 |    15 |     5 |       ||    26
         Scroll            |     1 |     7 |     6 |    11 |    13 |     6 ||    44
   Stab: Confused          |       |     1 |       |     3 |       |       ||     4
         Sleeping          |       |       |     1 |       |       |       ||     1
         Distracted        |       |       |       |     1 |       |       ||     1
 Armour: Robe              |    30 |    85 |   172 |   253 |   200 |       ||   740
         Troll leather arm |       |       |       |       |   256 |   436 ||   692
  Dodge: Dodged            |    71 |   102 |   157 |   193 |   276 |   286 ||  1085
  Block: Other             |       |     3 |    33 |    46 |    72 |    44 ||   198
         Buckler           |       |       |       |       |       |    58 ||    58

Table legend: (Time is in decaauts)
 A = Elapsed time spent in this place.
 B = Non-inter-level travel time spent in this place.
 C = Inter-level travel time spent in this place.
 D = Time resting spent in this place.
 E = Time spent auto-exploring this place.
 F = Levels seen in this place.
 G = Mean time per level.
                   A        B        C        D        E       F      G
               +--------+--------+--------+--------+--------+-----+--------+
         Total |  48264 |  45282 |   2982 |   2424 |  36234 |  33 | 1462.5 |
       Dungeon |  22080 |  20143 |   1937 |    726 |  16371 |  15 | 1472.0 |
        Temple |     19 |     13 |      6 |      0 |      0 |   1 |   19.0 |
          Lair |  11642 |  11052 |    590 |    805 |   8988 |   5 | 2328.4 |
         Swamp |   7240 |   7079 |    161 |    800 |   5243 |   4 | 1810.0 |
     Snake Pit |   4708 |   4621 |     87 |      0 |   3961 |   3 | 1569.3 |
  Orcish Mines |   1476 |   1277 |    199 |      0 |   1046 |   2 |  738.0 |
       Ossuary |    463 |    463 |      0 |      0 |    258 |   1 |  463.0 |
      Ice Cave |    113 |    113 |      0 |      0 |     63 |   1 |  113.0 |
      Gauntlet |    518 |    518 |      0 |     93 |    303 |   1 |  518.0 |
               +--------+--------+--------+--------+--------+-----+--------+

Top non-repeatable levels by time:
  Lair:5: 3449 daAuts
 Swamp:3: 2932 daAuts
    D:10: 2727 daAuts
  Lair:4: 2249 daAuts
  Lair:2: 2099 daAuts
  Lair:3: 2029 daAuts
     D:3: 1990 daAuts
 Snake:2: 1869 daAuts
 Swamp:4: 1829 daAuts
  Lair:1: 1815 daAuts
     D:2: 1795 daAuts
     D:8: 1710 daAuts
    D:11: 1603 daAuts
     D:7: 1519 daAuts
    D:15: 1489 daAuts
